Map: Ulrena

Players

Soundwave - Winner!

  • Race: Zerg Zerg

A.I. 1 (Very Hard)

  • Race: Zerg Zerg

VOD

Have the link to the VOD?

Description

Time

  • Played on: Nov. 17, 2015, 3:24 a.m.
  • Length: 25:17
Show
View Real Time Build Order
Export as new Build Order

Soundwave Zerg - Winner!

Build Orders: Hatch First, Lurkers 

Get SALT Encoding   

  12  0:02  Drone  
  13  0:10  Drone  
  14  0:18  Extractor  
  14  0:19  Drone  
  15  0:42  Hatchery  
  14  0:52  Drone, Extractor  
  15  1:00  Spawning Pool  
  14  1:04  Extractor  
  14  1:06  Extractor  
  14  1:08  Drone  
  13  1:12  Drone  
  16  1:19  Overlord  
  16  1:47  Queen  
  18  1:55  Queen  
  18  1:59  Overlord  
  20  2:02  Zergling x2  
  20  2:03  Zergling x4  
  23  2:11  Extractor  
  23  2:14  Drone x2  
  24  2:16  Drone  
  26  2:51  Drone x4  
  26  2:52  Drone x2  
  26  2:56  Queen  
  26  2:57  Queen  
  35  3:12  Metabolic Boost  
  35  3:14  Zergling x2  
  35  3:19  Overlord  
  36  3:20  Overlord  
  36  3:27  Drone, Extractor  
  36  3:46  Drone  
  36  3:47  Drone x2  
  39  3:50  Drone x3  
  39  3:51  Drone x5  
  47  3:57  Zergling x2  
  48  4:18  Overlord x2  
  48  4:22  Lair  
  48  4:23  Roach Warren  
  47  4:40  Spine Crawler  
  47  4:44  Spine Crawler  
  45  4:57  Spore Crawler  
  44  5:00  Spore Crawler  
  44  5:01  Drone x6  
  44  5:02  Drone x6  
  44  5:03  Drone  
  56  5:19  Extractor  
  56  5:20  Extractor  
  54  5:25  Drone x3  
  54  5:26  Drone x2  
  54  5:27  Drone  
  54  5:28  Overlord x2  
  60  5:38  Hydralisk Den  
  60  5:40  Infestation Pit  
  58  5:54  Queen  
  58  5:56  Hatchery  
  59  6:08  Evolution Chamber, Extractor  
  59  6:09  Evolution Chamber  
  59  6:10  Muscular Augments  
  56  6:11  Hydralisk x3  
  56  6:12  Hydralisk x2  
  56  6:18  Overseer  
  66  6:40  Zerg Melee Weapons Level 1  
  66  6:42  Zerg Ground Armor Level 1  
  66  6:45  Zergling x2  
  66  6:46  Zergling x12  
  73  6:51  Hive  
  73  6:55  Drone x4  
  73  6:56  Drone  
  78  7:11  Drone x7  
  78  7:12  Drone  
  87  7:37  Drone x3  
  89  7:58  Hatchery  
  89  8:00  Spore Crawler  
  87  8:07  Drone x3, Extractor  
  87  8:10  Drone  
  87  8:11  Overlord  
  87  8:12  Overlord x6  
  90  8:13  Overlord x2  
  90  8:44  Hydralisk x2  
  90  8:45  Hydralisk x7  
  90  8:46  Hydralisk  
  110  8:49  Lurker Den  
  110  9:07  Ultralisk Cavern  
  99  9:18  Hydralisk x6  
  99  9:19  Hydralisk x6  
  99  9:20  Hydralisk x2  
  109  9:28  Zergling x8  
  95  9:44  Zergling x10  
  95  9:45  Zergling x14  
  100  9:46  Zergling x4  
  88  9:56  Zergling x8  
  72  10:10  Zergling x4  
  72  10:11  Zergling x10  
  72  10:15  Queen  
  72  10:17  Queen  
  73  10:33  Hydralisk x6  
  73  10:34  Spine Crawler  
  84  10:36  Spine Crawler x2  
  82  11:00  Drone x2  
  82  11:01  Drone x4  
  82  11:02  Drone x6  
  94  11:06  Lurker  
  94  11:07  Lurker x5  
  106  11:18  Ultralisk  
  106  11:24  Ultralisk  
  112  11:47  Ultralisk x2  
  124  12:01  Ultralisk  
  124  12:05  Ultralisk x2  
  142  12:11  Chitinous Plating  
  142  12:13  Zerg Melee Weapons Level 2  
  142  12:17  Zerg Ground Armor Level 2  
  142  12:34  Zergling x2  
  142  12:35  Zergling x14  
  142  12:36  Zergling x12  
  156  12:42  Adrenal Glands  
  156  13:07  Overlord x3  
  156  13:08  Overlord x4  
  156  13:10  Overseer  
  156  13:11  Overseer  
  156  13:34  Hydralisk x4  
  156  13:35  Hydralisk x7  
  156  13:36  Hydralisk x3  
  156  13:38  Hydralisk  
  185  14:03  Hydralisk x3  
  185  14:04  Hydralisk x4  
  187  14:15  Ultralisk x2  
  175  14:25  Zergling x4  
  175  14:26  Zergling x14  
  175  14:27  Zergling x8  
  175  14:28  Zergling x2  
  171  15:00  Hydralisk x3  
  171  15:01  Hydralisk x7  
  171  15:02  Hydralisk x2  
  185  15:17  Zergling x8  
  185  15:18  Zergling x14  
  185  15:19  Zergling x2  
  192  16:01  Hatchery  
  192  16:03  Extractor  
  190  16:05  Extractor  
  190  16:11  Hydralisk x5  
  199  16:21  Hatchery  
  199  16:25  Spire  
  195  16:26  Zerg Missile Weapons Level 1  
  195  16:27  Zerg Melee Weapons Level 3  
  190  16:48  Extractor  
  190  16:53  Ultralisk  
  195  16:54  Zergling x4  
  195  16:55  Zergling x6  
  200  17:01  Glial Reconstitution  
  200  17:05  Pathogen Glands  
Show
View Real Time Build Order
Export as new Build Order

A.I. 1 (Very Hard) Zerg 

Build Orders: Pool First 

Get SALT Encoding   

  12  0:00  Drone  
  13  0:12  Overlord  
  13  0:17  Drone  
  14  0:30  Drone x2  
  14  0:34  Drone  
  17  0:48  Spawning Pool  
  17  0:49  Drone  
  17  1:12  Hatchery  
  17  1:14  Drone  
  17  1:18  Extractor  
  16  1:19  Extractor  
  16  1:21  Drone  
  16  1:24  Drone  
  17  1:29  Drone  
  18  1:38  Drone  
  19  1:49  Overlord  
  19  1:56  Queen  
  21  2:01  Zergling x2  
  22  2:10  Drone  
  23  2:23  Queen  
  23  2:26  Drone  
  26  2:32  Drone  
  27  2:37  Drone  
  27  2:42  Drone  
  29  2:55  Roach Warren  
  29  2:57  Drone  
  29  2:59  Drone  
  29  3:04  Zergling x2  
  29  3:05  Zergling x2  
  32  3:12  Overlord  
  32  3:15  Drone  
  32  3:18  Drone  
  34  3:36  Roach  
  34  3:38  Roach x3  
  42  3:42  Lair  
  42  3:47  Overlord  
  42  3:52  Overlord  
  42  3:54  Zergling x2  
  43  3:58  Zergling x2  
  44  4:05  Drone x2, Zergling x2  
  44  4:08  Drone  
  48  4:10  Drone  
  48  4:13  Drone  
  50  4:17  Overlord  
  50  4:21  Roach  
  52  4:25  Roach  
  52  4:29  Roach  
  56  4:32  Roach  
  56  4:36  Overlord  
  58  4:41  Hydralisk Den  
  58  4:42  Drone  
  58  4:44  Drone  
  59  4:46  Drone  
  59  4:50  Roach  
  64  4:53  Roach  
  64  4:57  Overlord  
  64  5:03  Drone  
  64  5:05  Drone  
  66  5:07  Drone  
  66  5:09  Drone  
  66  5:11  Drone, Hydralisk  
  71  5:14  Hydralisk  
  71  5:18  Hydralisk  
  75  5:22  Drone  
  75  5:24  Overlord  
  75  5:26  Drone  
  76  5:29  Drone  
  76  5:30  Drone  
  76  5:32  Drone  
  76  5:34  Drone  
  80  5:37  Drone  
  80  5:38  Drone  
  80  5:39  Drone  
  83  5:42  Overlord  
  83  5:48  Infestation Pit  
  82  5:53  Spire  
  81  5:59  Ravager  
  81  6:00  Ravager  
  81  6:02  Roach  
  85  6:05  Overlord  
  85  6:10  Evolution Chamber  
  84  6:12  Drone  
  85  6:22  Drone, Extractor  
  85  6:25  Evolution Chamber, Infestor  
  87  6:27  Drone  
  87  6:29  Extractor  
  87  6:30  Drone  
  87  6:34  Drone, Spine Crawler  
  87  6:36  Infestor  
  87  6:37  Zerg Missile Weapons Level 1  
  87  6:39  Hatchery  
  88  6:44  Drone x3  
  91  6:50  Hydralisk  
  91  6:52  Drone x2, Overlord  
  91  6:53  Drone  
  96  7:02  Zerg Ground Armor Level 1  
  96  7:05  Spine Crawler  
  96  7:06  Drone  
  96  7:07  Mutalisk  
  98  7:15  Mutalisk  
  100  7:25  Mutalisk  
  100  7:28  Overseer  
  102  7:34  Mutalisk, Overlord  
  104  7:42  Spore Crawler  
  104  7:43  Mutalisk  
  105  7:44  Spore Crawler  
  105  7:51  Drone, Queen  
  104  7:52  Drone x5, Mutalisk  
  104  7:53  Drone x3, Overlord  
  104  7:54  Drone  
  104  7:56  Drone  
  104  7:58  Drone  
  120  8:01  Drone  
  120  8:04  Drone  
  120  8:05  Drone  
  123  8:06  Extractor  
  123  8:12  Drone  
  123  8:14  Overlord  
  123  8:15  Mutalisk, Drone  
  123  8:16  Drone  
  123  8:17  Drone  
  128  8:20  Drone x2  
  128  8:21  Drone  
  128  8:23  Mutalisk  
  128  8:26  Mutalisk  
  135  8:28  Drone  
  135  8:33  Overlord  
  136  8:37  Drone  
  136  8:38  Drone  
  138  8:43  Mutalisk  
  138  8:47  Infestor  
  138  8:48  Roach, Extractor  
  144  8:52  Overlord  
  144  8:55  Infestor  
  143  9:00  Hydralisk  
  147  9:05  Baneling Nest  
  146  9:10  Drone, Overlord  
  146  9:11  Drone  
  146  9:12  Hydralisk x2  
  146  9:14  Zergling x2  
  146  9:15  Hydralisk  
  146  9:16  Zergling x2  
  143  9:18  Hydralisk  
  143  9:21  Hydralisk  
  143  9:23  Roach  
  133  9:25  Roach  
  133  9:26  Roach  
  133  9:28  Roach  
  133  9:33  Mutalisk  
  135  9:40  Mutalisk  
  137  9:46  Mutalisk  
  137  9:52  Mutalisk  
  137  9:54  Roach  
  137  9:56  Roach  
  137  9:57  Roach, Zergling x2  
  129  10:00  Zergling x2  
  129  10:02  Mutalisk, Spine Crawler  
  129  10:04  Spine Crawler  
  123  10:07  Roach  
  123  10:10  Mutalisk  
  123  10:14  Baneling, Zergling x2  
  123  10:20  Infestor  
  122  10:22  Hatchery  
  121  10:29  Infestor, Queen  
  121  10:32  Baneling  
  121  10:33  Zergling x2, Baneling  
  121  10:34  Baneling  
  126  10:36  Hatchery  
  126  10:40  Zergling x2, Baneling  
  126  10:41  Spore Crawler  
  126  10:42  Mutalisk  
  127  10:43  Spore Crawler  
  127  10:46  Spine Crawler  
  127  10:47  Ravager  
  127  10:49  Roach  
  128  10:53  Ravager  
  128  10:56  Roach  
  131  11:00  Mutalisk  
  133  11:06  Mutalisk  
  135  11:13  Mutalisk  
  135  11:15  Roach, Zergling x2  
  135  11:17  Zergling x2  
  141  11:20  Spine Crawler  
  141  11:23  Infestor  
  141  11:24  Spore Crawler  
  141  11:25  Spine Crawler  
  141  11:26  Roach  
  141  11:27  Roach  
  141  11:29  Spore Crawler, Roach  
  141  11:30  Roach  
  141  11:32  Roach  
  149  11:40  Infestor  
  151  11:48  Drone x2, Spine Crawler, Queen  
  151  11:49  Drone x4  
  151  11:50  Drone x3, Spore Crawler  
  151  11:51  Drone x2, Overlord  
  151  11:52  Drone x4  
  151  11:53  Spine Crawler  
  165  11:54  Drone  
  165  11:55  Spore Crawler  
  165  11:56  Drone  
  165  11:57  Pneumatized Carapace  
  165  11:58  Extractor  
  165  11:59  Overseer  
  165  12:00  Drone  
  165  12:01  Overseer  
  166  12:02  Extractor  
  166  12:04  Drone  
  166  12:10  Lurker Den, Hydralisk  
  166  12:11  Overlord  
  168  12:22  Hydralisk  
  168  12:25  Hydralisk  
  172  12:36  Spine Crawler  
  171  12:37  Drone  
  171  12:43  Overlord  
  171  12:44  Hive  
  172  12:46  Zergling x2  
  172  12:48  Zergling x2  
  174  12:52  Evolution Chamber, Hatchery  
  174  12:53  Drone x2  
  174  12:54  Metabolic Boost  
  174  12:59  Zerg Melee Weapons Level 1  
  174  13:06  Zerg Missile Weapons Level 2  
  174  13:08  Zergling x2  
  174  13:09  Zergling x2  
  176  13:17  Spine Crawler  
  176  13:19  Drone  
  176  13:28  Zergling x2  
  176  13:29  Zergling x2  
  176  13:31  Zergling x2  
  176  13:32  Zergling x2  
  180  13:37  Lurker x2, Hydralisk, Muscular Augments  
  180  13:39  Hydralisk  
  186  13:55  Viper  
  186  13:56  Viper  
  186  13:58  Spine Crawler  
  186  13:59  Drone  
  186  14:00  Spine Crawler  
  186  14:01  Drone, Mutalisk x3  
  186  14:02  Mutalisk, Spine Crawler  
  198  14:06  Spine Crawler  
  198  14:07  Drone x2, Hydralisk x2, Mutalisk  
  198  14:08  Mutalisk  
  192  14:10  Lurker, Hydralisk, Zergling x2  
  192  14:11  Zergling x2  
  192  14:12  Hydralisk  
  192  14:13  Extractor  
  192  14:15  Drone, Roach  
  192  14:16  Extractor, Roach, Queen  
  165  14:17  Drone, Roach  
  165  14:18  Hatchery  
  165  14:19  Drone, Roach  
  165  14:20  Roach  
  165  14:21  Roach  
  165  14:23  Roach  
  141  14:25  Roach  
  141  14:27  Hydralisk  
  141  14:29  Roach  
  141  14:31  Roach  
  142  14:32  Zergling x2, Baneling  
  142  14:33  Roach, Zergling x2  
  142  14:34  Drone, Roach  
  142  14:35  Drone, Roach  
  142  14:36  Drone, Roach  
  139  14:38  Hydralisk  
  139  14:41  Hydralisk  
  139  14:42  Drone  
  139  14:43  Hydralisk  
  139  14:45  Hydralisk  
  120  14:48  Drone, Roach  
  120  14:49  Hydralisk  
  120  14:50  Drone  
  120  14:51  Drone x5  
  120  14:52  Drone x2  
  108  14:54  Drone  
  108  14:56  Zergling x2  
  56  15:15  Zergling x2  
  56  15:18  Zergling x2  
  47  15:21  Roach  
  47  15:24  Roach  
  35  15:58  Overlord  
  35  16:01  Hatchery  
  33  16:20  Spawning Pool  
  17  16:52  Spawning Pool  
  6  17:23  Hatchery  
Tags
 
Composition
Lurkers
Matchup
ZvZ
Race
Zerg
Replay Pack
First Pack
Add a new tag
Caveats
  • Supply blocks, unpowered buildings, or Contaminate may cause inaccurate times.
  • Supply counts are checked every 10 seconds.